 Dungeon Crawl Stone Soup version 0.32-a0-872-g59262bd (webtiles) character file.

Game seed: 14913196424984889420

11139 Tanach the Carver (level 11, 0/87 HPs)
             Began as a Coglin Artificer on Mar 30, 2024.
             Was a High Priest of Okawaru.
             Slain by a very large slime creature (9 damage)
             ... in a Gauntlet.
             The game lasted 00:25:23 (11326 turns).

Tanach the Carver (Coglin Artificer)               Turns: 11326, Time: 00:25:23

Health: 0/87       AC:  5    Str: 13    XL:     11   Next: 73%
Magic:  13/14      EV: 16    Int: 14    God:    Okawaru [*****.]
Gold:   204        SH:  0    Dex: 18    Spells: 10/10 levels left

rFire   . . .        l - +2 long sword {Kansuke}
rCold   . . .        u - +0 long sword {Juhanna}
rNeg    + . .        p - +2 ring mail {rN+}
rPois   .            y - +2 hat {Int+3}
rElec   .            (no cloak)
rCorr   .            c - +0 pair of gloves {hurl}
SInv    .            i - +0 pair of boots
Will    .....        (amulet unavailable)
Stlth   ++++         (ring unavailable)
HPRegen 0.34/turn    (ring unavailable)
MPRegen 0.14/turn    (no gizmo)

%: no teleportation
@: heroic, corroded, revving
A: off-hand wielding, slow wielding, warmup strikes, no jewellery
a: Invent Gizmo, Renounce Religion, Heroism, Finesse, Duel


You were in a Gauntlet.
You worshipped Okawaru.
Okawaru was extremely pleased with you.
You visited 2 branches of the dungeon, and saw 13 of its levels.
You also visited: Gauntlet.

You collected 661 gold pieces.
You spent 457 gold pieces at shops.

Inventory:

Hand Weapons
 a - a +3 short sword of draining {Charoen}
 b - the +1 trident of Mucreub {freeze, rPois rF+ Dex+3}
   (You took it off an orc wizard on level 5 of the Dungeon)

   Dex+3:     It affects your dexterity (+3).
   rF+:       It protects you from fire.
   rPois:     It protects you from poison.
 l - a +2 long sword (weapon) {Kansuke}
 u - a +0 long sword (offhand) {Juhanna}
Missiles
 g - 20 poisoned darts (quivered)
 s - 2 curare-tipped darts {!f}
 G - 2 boomerangs
Armour
 c - a +0 pair of gloves of hurling (worn)
 e - +0 steam dragon scales
 f - an orb of mayhem
 i - a +0 pair of boots (worn)
 p - a +2 ring mail of positive energy (worn)
 y - a +2 hat of intelligence (worn)
Wands
 d - a wand of charming (12)
 B - a wand of flame (9)
Scrolls
 h - 2 scrolls of revelation
 k - 2 scrolls of enchant weapon
 m - 3 scrolls of teleportation
 n - a scroll of identify
 o - 2 scrolls of enchant armour
 t - a scroll of vulnerability {unknown}
 x - 2 scrolls of blinking
 E - a scroll of brand weapon
 F - a scroll of acquirement {unknown}
Potions
 q - 3 potions of curing
 r - 2 potions of haste
 v - a potion of brilliance
 w - a potion of mutation {unknown}
 z - a potion of might
 A - a potion of enlightenment {unknown}
 C - a potion of heal wounds {unknown}
 D - a potion of berserk rage {unknown}
 H - a potion of magic {unknown}
Miscellaneous
 j - a phial of floods (inert)


   Skills:
 + Level 8.7(13.7) Fighting
 + Level 10.5(15.5) Long Blades
 - Level 2.0(7.0) Throwing
 - Level 4.0(9.0) Armour
 + Level 6.8(11.8) Dodging
 - Level 5.0(10.0) Stealth
 - Level 5.0 Invocations
 - Level 5.0 Evocations


You had 10 spell levels left.
You didn't know any spells.
Your spell library contained the following spells:

 Spells                   Type           Power      Damage    Failure   Level
 Sting                    Conj/Alch      0%         1d3       47%         1
 Mercury Vapours          Alch/Air       0%         N/A       63%         2
 Frozen Ramparts          Ice            0%         1d1       85%         3
 Hailstorm                Conj/Ice       0%         3d5       85%         3
 Ozocubu's Armour         Ice            0%         N/A       85%         3
 Sigil of Binding         Hex            0%         N/A       85%         3
 Dimensional Bullseye     Hex/Tloc       0%         N/A       99%         4
 Olgreb's Toxic Radiance  Alch           0%         N/A       99%         4
 Vhi's Electric Charge    Tloc/Air       0%         N/A       99%         4
 Arcjolt                  Conj/Air       0%         1d10      100%        5
 Metabolic Englaciation   Hex/Ice        0%         N/A       100%        5
 Permafrost Eruption      Ice/Erth       0%         2x4d1     100%        6
 Plasma Beam              Fire/Air       0%         2x1d10    100%        6
 Call Canine Familiar     Summ           Unusable   N/A       N/A         3
 Summon Ice Beast         Ice/Summ       Unusable   N/A       N/A         3
 Sculpt Simulacrum        Ice/Alch       Unusable   N/A       N/A         6

Dungeon Overview and Level Annotations

Branches:
Dungeon (12/15)            Temple (1/1) D:6            Lair (0/5) D:10
    Orc (0/2) D:11        Gauntlet (1/1)

Altars:
Ashenzari
Cheibriados
Dithmenos
Elyvilon
Fedhas
Gozag
Hepliaklqana
Kikubaaqudgha
Makhleb
Nemelex Xobeh
Okawaru
Qazlal
Ru
Sif Muna
Trog
Uskayaw
Vehumet
Wu Jian
Xom
Yredelemnul
Zin
The Shining One

Shops:
D:7 (   D:8 [   D:10 (   D:11 ?

Annotations:
D:1 exclusion: downstairs
D:4 exclusion: 2 downstairs
D:6 3 runed translucent doors, Dega's ghost, novice VSFi
D:7 exclusion: upstairs
D:9 exclusion: downstairs, Maggie
D:10 exclusion: gargoyle
D:12 Erolcha; Psyche; Snorg Gauntlet 13 transporters, exclusion: orange crystal statue


Innate Abilities, Weirdness & Mutations

You can wield a second weapon in your off-hand.
It takes a long time for you to wield or remove held weapons.
Your first few attacks do less damage.
You cannot equip rings or amulets.


Message History

The slime creature is severely wounded.
You hit the slime creature but do no damage.
The slime creature jiggles.
Two slime creatures merge to form a very large slime creature.
The slime creature hits you but does no damage.
You slash the slime creature with your +2 long sword!
The slime creature is almost dead.
You barely miss the slime creature with your +0 long sword.
You barely miss the slime creature with your +2 long sword.
The slime creature is almost dead.
You slash the slime creature with your +0 long sword!
You kill the slime creature!
Okawaru accepts your kill.
You hit the jelly with your +2 long sword.
The acid corrodes you!
Your graspers burn!
The jelly is lightly wounded.
You slash the jelly with your +0 long sword!
The acid corrodes you!
Your graspers burn!
The jelly hits you but does no damage.
You slash the jelly with your +2 long sword!
You kill the jelly!
Okawaru accepts your kill.
Okay, then.
You slash the very large slime creature with your +2 long sword!
The very large slime creature is lightly wounded.
You hit the very large slime creature but do no damage.
The very large slime creature hits you!
The very large slime creature attacks as it pursues you!
The very large slime creature completely misses you.
Okay, then.
Okay, then.
Okay, then.
Okay, then.
The very large slime creature attacks as it pursues you!
The very large slime creature hits you!!!
* * * LOW HITPOINT WARNING * * *
Okay, then.
The very large slime creature attacks as it pursues you!
The very large slime creature hits you!
You die...

.#©#©##©##.#©#.♣..≈#
##.#.#.#.#.#.#.PP..#### .#.#
#.#.#.#.#...♣..≈≈#
##.#...#...#.#.......≈#
##.#########.#.♣PP.♣..####
##©#.......#.#.........≈≈#
.###..P♣...#.#########..≈#
.#...P..P..#.#}.#.##.#...##
.#...#≈#≈#.#.###@J#.##.∩.≈##
##.PP≈≈≈≈≈.#.##J##..##...≈≈##
...♣P#≈#≈#.#©#©.#J##.#©.♣≈≈≈#
##..P≈≈≈≈≈.#.###..#.##...≈≈##
.#...#≈#≈#.#.##.##..##.∩.≈##
.#.......P.#.#[.#.##.#...##
.###...♣P..#.#########..≈#
.#©#.......#.#.........≈≈#
.#.#########.#.♣.P.♣..####


You could see a very large slime creature and 2 jellies.

Vanquished Creatures
  Amaemon (D:8)
  Pikel (D:5)
  An ugly thing (D:12)
  A deep elf pyromancer (D:8)
  An orange demon (D:8)
  2 gargoyles (D:10)
  Jeremiah (D:8)
  A kobold demonologist (D:11)
  A troll (D:9)
  A slime creature (Gauntlet)
  A shadow (D:9)
  Sigmund (D:5)
  2 wyverns
  14 yaks
  4 fire bats (D:8)
  2 steam dragons
  A wraith (D:10)
  A basilisk (D:11)
  A fire elemental (D:8)
  4 vampire mosquitoes (D:10)
  A hell hound (D:8)
  3 water moccasins
  An orc warrior (D:7)
  An ogre (D:5)
  4 centaurs
  A wolf (D:9)
  4 kobold brigands
  3 scorpions
  5 wights
  3 electric eels
  2 howler monkeys
  2 lava snakes (D:8)
  3 orc priests
  12 hounds
  A gnoll bouda (D:3)
  2 jellies
  4 sleepcaps
  Natasha (thrice) (D:3)
  9 orc wizards
  3 gnolls (D:3)
  5 adders
  A shadow imp (D:7)
  3 white imps
  A dart slug (D:3)
  3 ribbon worms (D:2)
  33 orcs
  7 endoplasms
  A giant cockroach (D:4)
  3 goblins (D:2)
  5 hobgoblins
  28 kobolds
  2 quokkas
  7 ball pythons
  3 bats
  2 frilled lizards
  2 rats
215 creatures vanquished.

Vanquished Creatures (collateral kills)
  A phantom (D:5)
  A scorpion (D:6)
  2 orcs
4 creatures vanquished.

Vanquished Creatures (others)
  An orc warrior (D:6)
  An iguana (D:5)
  3 orcs
  A quokka (D:3)
  A kobold (D:3)
7 creatures vanquished.

Grand Total: 226 creatures vanquished

Notes
Turn   | Place    | Note
-------+----------+-------------------------------------------
     0 | D:1      | Tanach the Coglin Artificer began the quest for the Orb.
     0 | D:1      | Reached XP level 1. HP: 15/15 MP: 1/1
    49 | D:1      | Reached skill level 1 in Dodging
    57 | D:1      | Reached skill level 1 in Stealth
   328 | D:1      | Reached XP level 2. HP: 21/21 MP: 2/2
   665 | D:2      | You fall into a shaft and drop 1 floor!
   684 | D:3      | Noticed a water moccasin
   686 | D:3      | Reached skill level 1 in Throwing
   686 | D:3      | Reached XP level 3. HP: 12/27 MP: 3/3
   688 | D:3      | Killed a water moccasin
   689 | D:3      | Reached skill level 5 in Evocations
   689 | D:3      | Reached XP level 4. HP: 16/33 MP: 4/4
   689 | D:3      | Reached XP level 5. HP: 18/38 MP: 5/5
  1004 | D:2      | Reached XP level 6. HP: 36/45 MP: 6/6
  1333 | D:2      | Reached skill level 1 in Long Blades
  1572 | D:3      | Noticed Natasha
  1579 | D:3      | Killed Natasha
  1709 | D:3      | Noticed Natasha
  1729 | D:3      | Killed Natasha
  1860 | D:3      | Noticed Natasha
  1874 | D:3      | Killed Natasha
  2216 | D:4      | Reached XP level 7. HP: 52/52 MP: 7/7
  2627 | D:5      | Entered Level 5 of the Dungeon
  2627 | D:5      | Noticed a +0 hand axe
  2627 | D:5      | Found a hide-covered altar of Uskayaw.
  2635 | D:5      | Noticed a +0 hand axe
  2647 | D:5      | Reached skill level 2 in Long Blades
  3128 | D:5      | Noticed Pikel
  3134 | D:5      | Noticed Sigmund
  3135 | D:5      | Killed Pikel
  3136 | D:5      | Reached skill level 3 in Long Blades
  3136 | D:5      | Reached XP level 8. HP: 61/61 MP: 8/8
  3139 | D:5      | Killed Sigmund
  3140 | D:5      | Reached skill level 5 in Fighting
  3140 | D:5      | Reached skill level 4 in Long Blades
  3322 | D:5      | Found a stormy altar of Qazlal.
  3455 | D:5      | Identified the +1 trident of Mucreub {freeze, rPois rF+
                  | Dex+3}
  3891 | D:6      | Found a sacrificial altar of Ru.
  3892 | D:6      | Found a broken altar of Ashenzari.
  3927 | D:6      | Found a runed translucent gate.
  3927 | D:6      | Found a runed translucent gate.
  3927 | D:6      | Found a runed translucent gate.
  3930 | D:6      | Noticed Dega's ghost (novice VSFi)
  4055 | D:6      | Reached XP level 9. HP: 59/70 MP: 9/9
  4183 | D:6      | Found a hazy altar of Hepliaklqana.
  4387 | D:6      | Found a staircase to the Ecumenical Temple.
  4946 | D:7      | Found Cipsyvva's Weapon Boutique.
  4953 | D:7      | Bought a +0 long sword for 35 gold pieces
  5303 | Temple   | Entered the Ecumenical Temple
  5337 | Temple   | Became a worshipper of Warmaster Okawaru
  5511 | D:7      | Reached skill level 5 in Long Blades
  5511 | D:7      | Reached skill level 1 in Invocations
  6015 | D:8      | Noticed Jeremiah
  6280 | D:8      | Found Neasidea's Armour Emporium.
  6281 | D:8      | Noticed Amaemon
  6281 | D:8      | Noticed an orange demon
  6288 | D:8      | Killed Amaemon
  6288 | D:8      | Reached * piety under Okawaru
  6289 | D:8      | Reached skill level 6 in Long Blades
  6292 | D:8      | Killed an orange demon
  6293 | D:8      | Reached skill level 7 in Long Blades
  6293 | D:8      | Reached XP level 10. HP: 58/80 MP: 10/12
  6321 | D:8      | Reached ** piety under Okawaru
  6339 | D:8      | Noticed a deep elf pyromancer
  6344 | D:8      | Killed a deep elf pyromancer
  6424 | D:8      | Bought a +0 pair of gloves of hurling for 138 gold pieces
  6912 | D:8      | Reached skill level 8 in Long Blades
  6912 | D:8      | Reached skill level 5 in Invocations
  6928 | D:8      | Killed Jeremiah
  6948 | D:8      | Reached *** piety under Okawaru
  7113 | D:8      | Found a white marble altar of Elyvilon.
  7431 | D:8      | Reached skill level 5 in Dodging
  7431 | D:8      | Reached skill level 5 in Stealth
  7913 | D:9      | Noticed Maggie
  7950 | D:9      | Reached XP level 11. HP: 58/86 MP: 14/14
  7964 | D:9      | Reached **** piety under Okawaru
  8465 | D:9      | Reached skill level 9 in Long Blades
  8519 | D:9      | Found a sparkling altar of Nemelex Xobeh.
  8649 | D:9      | Found a shimmering blue altar of Sif Muna.
  8737 | D:10     | Entered Level 10 of the Dungeon
  9060 | D:10     | Found a staircase to the Lair.
  9284 | D:10     | Reached skill level 10 in Long Blades
  9520 | D:10     | Found Deistry's Weapon Shoppe.
 10354 | D:11     | Found a staircase to the Orcish Mines.
 10484 | D:11     | Found Raym's Magic Scroll Shoppe.
 10491 | D:11     | Bought a scroll of blinking for 112 gold pieces
 10491 | D:11     | Bought a scroll of enchant armour for 112 gold pieces
 10491 | D:11     | Bought a scroll of identify for 30 gold pieces
 10491 | D:11     | Bought a scroll of identify for 30 gold pieces
 11022 | D:12     | Noticed Psyche
 11036 | D:12     | Noticed a white ugly thing
 11046 | D:12     | Killed a white ugly thing
 11046 | D:12     | Reached ***** piety under Okawaru
 11057 | D:12     | Noticed Snorg
 11068 | D:12     | Found a gate leading to a gauntlet.
 11069 | D:12     | Noticed Erolcha
 11072 | Gauntlet | Entered a Gauntlet
 11072 | Gauntlet | Found a transporter.
 11080 | Gauntlet | Found a transporter.
 11081 | Gauntlet | Found a transporter.
 11092 | Gauntlet | Found a transporter.
 11095 | Gauntlet | Found a transporter.
 11105 | Gauntlet | Found the +3 crown of Dyrovepreva {rElec Int+2 SInv}
 11108 | Gauntlet | Found a transporter.
 11121 | Gauntlet | Found a transporter.
 11123 | Gauntlet | Noticed an orange crystal statue
 11134 | Gauntlet | Found a transporter.
 11141 | Gauntlet | Noticed a hell beast
 11144 | Gauntlet | Found a transporter.
 11159 | Gauntlet | Found a transporter.
 11168 | Gauntlet | Found a transporter.
 11168 | Gauntlet | Found a transporter.
 11225 | Gauntlet | Found a transporter.
 11225 | Gauntlet | Found a transporter.
 11230 | Gauntlet | Noticed a fire crab
 11326 | Gauntlet | Slain by a very large slime creature

Illustrated notes

Levels and vault maps discovered:
D:1:      dreamdust_arrival_beginning_and_end, layout_basic,
          minmay_misc_feat_five, kennysheep_crisscross,
          minmay_misc_feat_more_columns, amcnicky_mini_corridor_feature,
          hangedman_feature_mirror
D:2:      layout_rooms
D:3:      layout_rooms, uniq_natasha
D:4:      layout_basic
D:5:      layout_loops_cross, dancing_weapons_uskayaw, grunt_qazlal_clouds,
          uniq_sigmund, uniq_pikel
D:6:      layout_gridville, mainiacjoe_overflow_boulevard,
          nicolae_overflow_squiral, minmay_temple_entry_hall,
          gammafunk_ghost_split
D:7:      layout_loops_corners, serial_shops, shop
D:8:      layout_loops_cross, elyvilon_altar_5, serial_shops, shop,
          minmay_misc_feat_plants, corexii_corridor_pit, hangedman_incinerator,
          uniq_amaemon, uniq_jeremiah
D:9:      layout_long_grid, lemuel_round_altar, hellmonk_sif_muna_bookshelves,
          hangedman_abyss_or_decor_clamps, uniq_maggie
D:10:     layout_cave_pools, erik_lair_island, serial_shops, nicolae_shop_trees,
          minmay_misc_feat_encased, serial_library_hellmonk_open_square,
          hellmonk_guarded_unrand_frostbite
D:11:     layout_roguey, orc_0_dummy, serial_shops,
          nicolae_shop_advertising_works [nicolae_subvault_shop_adworks]
D:12:     layout_cave_pods, gauntlet_entry_generic, uniq_erolcha, uniq_snorg,
          uniq_psyche, uniq_fannar
Temple:   compressed_dpeg_circular_temple
Gauntlet: minmay_gauntlet_77_tree [minmay_gauntlet_arena_77_tiled_triplets,
          minmay_gauntlet_arena_77_two_paths, minmay_gauntlet_arena_77_braids,
          minmay_gauntlet_arena_77_checkered,
          minmay_gauntlet_arena_77_broken_ladder,
          minmay_gauntlet_arena_77_block_sizes, minmay_gauntlet_arena_77_box,
          nicolae_gauntlet_exit_dead_adventurers]

Skill      XL: |  1  2  3  4  5  6  7  8  9 10 11 |
---------------+----------------------------------+-----
Dodging        | 1 2 3 4 6 |  6.8
Stealth        | 1 2 3 4 5 |  5.0
Armour         | 2 3 4 |  4.0
Throwing       | 1 2 |  2.0
Fighting       | 2 3 4 6 8 |  8.7
Evocations     | 5 |  5.0
Long Blades    | 1 3 4 7 8 10 | 10.5
Invocations    | 3 5 |  5.0

Action                     |  1- 3 |  4- 6 |  7- 9 | 10-12 || total
---------------------------+-------+-------+-------+-------++-------
  Melee: Club              |    31 |    77 |       |       ||   108
         Dagger            |    29 |   117 |    42 |    13 ||   201
         Short sword       |       |    45 |   149 |   231 ||   425
         Trident           |       |       |    72 |       ||    72
         Long sword        |       |       |    38 |   376 ||   414
  Throw: Dart              |     1 |     8 |    15 |    49 ||    73
         Throwing net      |       |       |     1 |     2 ||     3
 Invoke: Heroism           |       |       |       |     4 ||     4
  Evoke: Wand              |     4 |     8 |    24 |     2 ||    38
         Phial of floods   |       |       |       |     1 ||     1
    Use: Scroll            |       |       |     9 |     7 ||    16
         Potion            |       |       |     1 |       ||     1
   Stab: Sleeping          |     1 |     2 |     4 |     1 ||     8
         Betrayed ally     |       |       |     1 |       ||     1
         Distracted        |       |       |     1 |       ||     1
         Held in net/web   |       |       |       |     2 ||     2
 Armour: Leather armour    |    20 |    68 |    26 |       ||   114
         Ring mail         |       |       |    99 |   252 ||   351
  Dodge: Dodged            |    19 |    83 |   107 |   197 ||   406

Table legend: (Time is in decaauts)
 A = Elapsed time spent in this place.
 B = Non-inter-level travel time spent in this place.
 C = Inter-level travel time spent in this place.
 D = Time resting spent in this place.
 E = Time spent auto-exploring this place.
 F = Levels seen in this place.
 G = Mean time per level.
                   A        B        C        D        E       F      G
               +--------+--------+--------+--------+--------+-----+--------+
         Total |  11343 |  10530 |    813 |    932 |   7433 |  14 |  810.2 |
       Dungeon |  11023 |  10278 |    745 |    932 |   7216 |  12 |  918.6 |
        Temple |     68 |      1 |     67 |      0 |      0 |   1 |   68.0 |
      Gauntlet |    251 |    251 |      0 |      0 |    217 |   1 |  251.0 |
               +--------+--------+--------+--------+--------+-----+--------+

Top non-repeatable levels by time:
     D:8: 1692 daAuts
     D:7: 1314 daAuts
     D:9: 1247 daAuts
    D:10: 1244 daAuts
     D:4: 1048 daAuts
     D:6: 897 daAuts
     D:5: 891 daAuts
     D:3: 687 daAuts
    D:11: 665 daAuts
     D:1: 652 daAuts
     D:2: 631 daAuts
Gauntlet: 251 daAuts
  Temple: 68 daAuts
    D:12: 51 daAuts
